 Dungeon Crawl Stone Soup version 0.16-a0-3728-gc6b4a4b (webtiles) character file.

274 Econoterrorist the Slasher (level 6, -1/39 HPs)
             Began as a High Elf Skald on Jan 22, 2015.
             Was an Initiate of Okawaru.
             Slain by an ogre
             ... wielding a +0 giant club
              (17 damage)
             ... on level 4 of the Dungeon.
             The game lasted 00:15:32 (5206 turns).

Econoterrorist the Slasher (High Elf Skald)         Turns: 5206, Time: 00:15:33

Health: -1/39      AC:  4    Str: 11    XL:     6   Next: 3%
Magic:  3/15       EV: 12    Int: 17    God:    Okawaru [......]
Gold:   82         SH:  0    Dex: 16    Spells: 3 memorised, 3 levels left

rFire  . . .     SeeInvis .     a - +0 falchion
rCold  + . .     Clarity  .     u - +2 robe {rC+}
rNeg   . . .     SustAb   +     (no shield)
rPois  .         Gourm    .     (no helmet)
rElec  .         Spirit   .     (no cloak)
rCorr  .         Warding  .     (no gloves)
rMut   .         Stasis   .     (no boots)
MR     .....                    (no amulet)
Stlth  +.........               (no ring)
                                p - ring of sustain abilities

@: about to teleport, infused, not resistant to hostile enchantments, very
unstealthy
A: no striking features
a: Renounce Religion


You were on level 4 of the Dungeon.
You worshipped Okawaru.
Okawaru was noncommittal.
You were hungry.

You visited 2 branches of the dungeon, and saw 5 of its levels.

You collected 82 gold pieces.

Inventory:

Hand weapons
 a - a +0 falchion (weapon)
Armour
 u - a +2 robe of cold resistance (worn)
Jewellery
 p - a ring of sustain abilities (left hand)
Magical devices
 v - a wand of magic darts (8)
Scrolls
 b - a scroll of teleportation
 e - a scroll of amnesia {unknown}
 h - 2 scrolls of remove curse {unknown}
 j - a scroll of recharging {unknown}
 l - a scroll of noise {unknown}
 o - a scroll of enchant armour {unknown}
 r - 2 scrolls of identify {unknown}
 t - a scroll of random uselessness {unknown}
 y - a scroll of immolation {unknown}
Potions
 f - a potion of curing {unknown}
 i - a potion of cure mutation {unknown}
 k - a potion of might {unknown}
 m - a potion of degeneration {unknown}
 n - a potion of agility {unknown}
 q - a potion of magic {unknown}
 s - a potion of ambrosia {unknown}
 x - a potion of berserk rage {unknown}
Books
 c - a book of Battle

   Spells                             Type                      Level
   a - Infusion                       Charms                       1
   b - Shroud of Golubria             Charms/Translocation         2
   c - Song of Slaying                Charms                       2
   d - Spectral Weapon                Hexes/Charms                 3
   e - Regeneration                   Charms/Necromancy            3
Comestibles
 d - a bread ration
 g - 2 meat rations


   Skills:
 - Level 2.0 Fighting
 - Level 6.0 Long Blades
 - Level 0.8 Armour
 - Level 1.1 Dodging
 - Level 2.4 Spellcasting
 + Level 5.9 Charms


You had 3 spell levels left.
You knew the following spells:

 Your Spells              Type           Power        Failure   Level  Hunger
a - Infusion              Chrm           ###...       1%          1    #......
b - Shroud of Golubria    Chrm/Tloc      ##........   10%         2    ##.....
c - Spectral Weapon       Hex/Chrm       ##......     17%         3    ###....


Dungeon Overview and Level Annotations

Branches:
Dungeon (4/15)             Temple (1/1) D:4

Altars:
Cheibriados
Dithmenos
Fedhas
Gozag
Nemelex Xobeh
Okawaru
Qazlal
Ru
Sif Muna
Trog
Vehumet
Yredelemnul
Zin
The Shining One


Message History

You hit the ogre.
The ogre is almost dead.
You hit the ogre.
You kill the ogre!
Okawaru is honoured by your kill.
You have reached level 6!
Your experience leads to an increase in your attributes!
Increase (S)trength, (I)ntelligence, or (D)exterity?
You feel clever.
You feel agile.
You hit the ogre!
The ogre is moderately wounded.
The ogre hits you with a giant club!
You hit the ogre.
The ogre is moderately wounded.
Drink which item? (? for menu, Esc to quit)
Okay, then.
Read which item? (? for menu, Esc to quit)
As you read the scroll of teleportation, it crumbles to dust.
You feel strangely unstable. The ogre hits you with a giant club!
You die...

########...#########
#...##.....#####
#............###
####.##.....P.P#
#[#####.†PP.###### #.#
#.P>P(##.... # #.#
#PP.†P...### #. ##.#
#.P..P...... #.# #.@#
#.#.######## #..##O##
#.#.# #...
.####..#)######.#.#####...
.............##.#.##......
#####.##.###.# .#.##.###..
# #.# #....###..
..O.......................
####.........#. .#####...
#.....###... #....


You could see an ogre.

Vanquished Creatures
  An ogre (D:4)
  3 orc wizards
  3 adders
  3 gnolls (D:3)
  3 worms
  5 giant geckos
  8 orcs
  A ball python (D:1)
  7 hobgoblins
  10 jackals
  A quokka (D:3)
  8 bats
  3 giant cockroaches
  A giant newt (D:1)
  9 goblins
  6 kobolds
  17 rats
89 creatures vanquished.

Notes
Turn   | Place    | Note
--------------------------------------------------------------
     0 | D:1      | Econoterrorist, the High Elf Skald, began the quest for the Orb.
     0 | D:1      | Reached XP level 1. HP: 14/14 MP: 4/4
   455 | D:1      | Reached XP level 2. HP: 9/19 MP: 0/6
  1088 | D:1      | Reached skill level 4 in Long Blades
  1425 | D:1      | Reached XP level 3. HP: 24/24 MP: 5/8
  1432 | D:1      | Learned a level 2 spell: Shroud of Golubria
  1436 | D:1      | Learned a level 3 spell: Spectral Weapon
  1795 | D:2      | Found a basalt altar of Yredelemnul.
  2707 | D:2      | Reached skill level 5 in Long Blades
  3166 | D:3      | Reached XP level 4. HP: 25/29 MP: 11/11
  3400 | D:3      | Reached skill level 6 in Long Blades
  3609 | D:3      | Found a radiant altar of Vehumet.
  3791 | D:3      | Reached XP level 5. HP: 19/34 MP: 2/12
  4600 | D:3      | Reached skill level 5 in Charms
  4986 | D:4      | Found a staircase to the Ecumenical Temple.
  5006 | Temple   | Entered the Ecumenical Temple
  5057 | Temple   | Became a worshipper of Warmaster Okawaru
  5187 | D:4      | Noticed an ogre
  5188 | D:4      | Noticed an ogre
  5202 | D:4      | Killed an ogre
  5202 | D:4      | Reached XP level 6. HP: 28/39 MP: 5/15
  5206 | D:4      | Slain by an ogre

Action                   |  1- 3 |  4- 6 || total
-------------------------+-------+-------++-------
Melee: Falchion          |   181 |   155 ||   336
 Cast: Infusion          |    12 |    11 ||    23
       Shroud of Golubri |     2 |    12 ||    14
  Use: Scroll            |       |     3 ||     3
  Eat: Chunk             |     4 |     6 ||    10
       Bread ration      |     1 |       ||     1
